 Dungeon Crawl Stone Soup version 0.25.1-2-g60ff931df9 (webtiles) character file.

Game seed: 5283342617532337787

49 Curus the Cudgeler (level 3, -6/31 HPs)
             Began as a Minotaur Monk on Sept 22, 2020.
             Mangled by an ogre
             ... wielding a +0 giant spiked club
              (23 damage)
             ... on level 2 of the Dungeon.
             The game lasted 00:04:01 (917 turns).

Curus the Cudgeler (Minotaur Monk)                   Turns: 917, Time: 00:04:01

Health: -6/31      AC:  2    Str: 15    XL:     3   Next: 51%
Magic:  2/2        EV: 13    Int:  9    God:
Gold:   74         SH:  0    Dex: 13    Spells: 2/2 levels left

rFire    + . .     SeeInvis .   a - +0 mace
rCold    . . .     Gourm    .   (no shield)
rNeg     . . .     Faith    .   b - +0 robe
rPois    .         Spirit   .   (helmet restricted)
rElec    .         Reflect  .   (no cloak)
rCorr    .         Harm     .   (no gloves)
MR       .....     Rnd*Rage +   (no boots)
Stlth    ++........             (no amulet)
HPRegen  0.10/turn              (no ring)
MPRegen  0.08/turn              (no ring)

@: no status effects
A: retaliatory headbutt, horns 2, berserk 1, clever 1, fire resistance 1
a: no special abilities


You were on level 2 of the Dungeon.
You were not hungry.

You visited 1 branch of the dungeon, and saw 2 of its levels.

You collected 74 gold pieces.

Inventory:

Hand Weapons
 a - a +0 mace (weapon)
Armour
 b - a +0 robe (worn)
Scrolls
 d - 2 scrolls of identify
Potions
 e - a potion of ambrosia
Comestibles
 c - 3 rations
 f - 2 chunks of flesh


   Skills:
 - Level 3.6 Fighting
 + Level 5.5 Maces & Flails
 - Level 3.2 Dodging
 - Level 1.5 Stealth


You had 2 spell levels left.
You didn't know any spells.
Your spell library was empty.

Dungeon Overview and Level Annotations

Branches:
Dungeon (2/15)

Altars:


Innate Abilities, Weirdness & Mutations

You reflexively headbutt those who attack you in melee.
You have a pair of horns on your head.
You tend to lose your temper in combat.
Your mind is acute. (Int +2)
Your flesh is heat resistant. (rF+)


Message History

You closely miss Terence.
Terence is severely wounded.
Terence barely misses you. You furiously retaliate!
You headbutt Terence, but do no damage.
The rat twitches its whiskers.
You hit Terence.
Terence is almost dead.
Terence hits you with a +0 flail.
You hit Terence.
You kill Terence!
Your Maces & Flails skill increases to level 5!
You have reached level 3!
Your experience leads to an increase in your attributes!
Your base attributes are Str 15, Int 7, Dex 12.
Increase (S)trength, (I)ntelligence, or (D)exterity?
You feel agile.
You hit the ogre but do no damage.
The ogre hits you with a +0 giant spiked club!!
Ouch! That really hurt!
You die...

######## #.......
#......###### .
#......##.... ..##
#......##.### .....
#......##.##.
.....w##########.###.##.
.....rO@.........÷......
......####.####.........
..### #.....)'.........
#.#.####...(÷.... #.#.#
#........# #.#.#
#.)......# #.#.#
#........# #.#.#
########## #.#.#


You could see an ogre, a dart slug and a rat.

Vanquished Creatures
  Terence (D:2)
  2 leopard geckos (D:1)
  A bat (D:2)
  2 giant cockroaches (D:1)
  2 goblins (D:1)
  2 hobgoblins
  4 jackals (D:1)
  2 frilled lizards (D:1)
  2 kobolds (D:1)
  2 rats (D:2)
20 creatures vanquished.

Notes
Turn   | Place    | Note
-------+----------+-------------------------------------------
     0 | D:1      | Curus the Minotaur Monk began the quest for the Orb.
     0 | D:1      | Reached XP level 1. HP: 19/19 MP: 0/0
    39 | D:1      | Reached skill level 4 in Maces & Flails
   165 | D:1      | Reached XP level 2. HP: 26/26 MP: 1/1
   189 | D:1      | Gained mutation: Your mind is acute. (Int +2) [potion of
                  | mutation]
   189 | D:1      | Gained mutation: You tend to lose your temper in combat.
                  | [potion of mutation]
   189 | D:1      | Gained mutation: Your flesh is heat resistant. (rF+)
                  | [potion of mutation]
   907 | D:2      | Noticed Terence
   907 | D:2      | Noticed an ogre
   916 | D:2      | Killed Terence
   916 | D:2      | Reached skill level 5 in Maces & Flails
   916 | D:2      | Reached XP level 3. HP: 17/31 MP: 2/2
   917 | D:2      | Mangled by an ogre

Illustrated notes

Levels and vault maps discovered:
D:1:      dpeg_arrival_fog, layout_loops_cross
D:2:      layout_basic, xom_teletrap_fun, chequers_ecumenical_altar_simple,
          eino_tiny_chamber, nemelex_dance_club_becter, uniq_terence

Skill      XL: |  1  2 |
---------------+-------+-----
Maces & Flails | 4 5 |  5.5
Fighting       | |  3.6
Dodging        | |  3.2
Stealth        | |  1.5

Action                   || total
-------------------------++-------
Melee: Mace              ||    44
       Headbutt          ||     6
  Use: Scroll            ||     2
       Potion            ||     2
Armor: Robe              ||     4
Dodge: Dodged            ||    18
